Workbook

Sheet Resumo
A1: Resumo mensal — controle financeiro administrativo
A3: Mês em análise | B3: =IF('Premissas'!$B$4="","",'Premissas'!$B$4)
A4: Último dia do período | B4: =IF(B3="","",EOMONTH(B3,0))
A6: Saldo inicial do mês | B6: =IF($B$3="","",'Premissas'!$B$3+SUMIFS('Lançamentos'!$J$4:$J$203,'Lançamentos'!$B$4:$B$203,">="&'Premissas'!$B$2,'Lançamentos'!$B$4:$B$203,"<"&$B$3)-SUMIFS('Lançamentos'!$K$4:$K$203,'Lançamentos'!$B$4:$B$203,">="&'Premissas'!$B$2,'Lançamentos'!$B$4:$B$203,"<"&$B$3))
A7: Receitas confirmadas | B7: =IF($B$3="","",SUMIFS('Lançamentos'!$J$4:$J$203,'Lançamentos'!$B$4:$B$203,">="&$B$3,'Lançamentos'!$B$4:$B$203,"<="&$B$4))
A8: Despesas confirmadas | B8: =IF($B$3="","",SUMIFS('Lançamentos'!$K$4:$K$203,'Lançamentos'!$B$4:$B$203,">="&$B$3,'Lançamentos'!$B$4:$B$203,"<="&$B$4))
A9: Movimento líquido | B9: =IF(OR(B7="",B8=""),"",B7-B8)
A10: Saldo final apurado | B10: =IF(OR(B6="",B9=""),"",B6+B9)
A11: Receitas pendentes | B11: =IF($B$3="","",SUMIFS('Lançamentos'!$H$4:$H$203,'Lançamentos'!$B$4:$B$203,">="&$B$3,'Lançamentos'!$B$4:$B$203,"<="&$B$4,'Lançamentos'!$C$4:$C$203,"Receita",'Lançamentos'!$I$4:$I$203,"Pendente",'Lançamentos'!$N$4:$N$203,"OK"))
A12: Despesas pendentes | B12: =IF($B$3="","",SUMIFS('Lançamentos'!$H$4:$H$203,'Lançamentos'!$B$4:$B$203,">="&$B$3,'Lançamentos'!$B$4:$B$203,"<="&$B$4,'Lançamentos'!$C$4:$C$203,"Despesa",'Lançamentos'!$I$4:$I$203,"Pendente",'Lançamentos'!$N$4:$N$203,"OK"))
A13: Problemas de integridade | B13: =IF($B$3="","",COUNTIFS('Lançamentos'!$B$4:$B$203,">="&$B$3,'Lançamentos'!$B$4:$B$203,"<="&$B$4,'Lançamentos'!$N$4:$N$203,"<>OK",'Lançamentos'!$N$4:$N$203,"<>"))
A14: Despesas altas para revisão | B14: =IF($B$3="","",COUNTIFS('Lançamentos'!$B$4:$B$203,">="&$B$3,'Lançamentos'!$B$4:$B$203,"<="&$B$4,'Lançamentos'!$O$4:$O$203,"Revisar despesa alta"))
A17: Centro de custo | B17: Receitas confirmadas | C17: Despesas confirmadas | D17: Movimento líquido
A18: =IF('Premissas'!$G$2="","",'Premissas'!$G$2) | B18: =IF($A18="","",SUMIFS('Lançamentos'!$J$4:$J$203,'Lançamentos'!$E$4:$E$203,$A18,'Lançamentos'!$B$4:$B$203,">="&$B$3,'Lançamentos'!$B$4:$B$203,"<="&$B$4)) | C18: =IF($A18="","",SUMIFS('Lançamentos'!$K$4:$K$203,'Lançamentos'!$E$4:$E$203,$A18,'Lançamentos'!$B$4:$B$203,">="&$B$3,'Lançamentos'!$B$4:$B$203,"<="&$B$4)) | D18: =IF(OR(B18="",C18=""),"",B18-C18)
A19: =IF('Premissas'!$G$3="","",'Premissas'!$G$3) | B19: =IF($A19="","",SUMIFS('Lançamentos'!$J$4:$J$203,'Lançamentos'!$E$4:$E$203,$A19,'Lançamentos'!$B$4:$B$203,">="&$B$3,'Lançamentos'!$B$4:$B$203,"<="&$B$4)) | C19: =IF($A19="","",SUMIFS('Lançamentos'!$K$4:$K$203,'Lançamentos'!$E$4:$E$203,$A19,'Lançamentos'!$B$4:$B$203,">="&$B$3,'Lançamentos'!$B$4:$B$203,"<="&$B$4)) | D19: =IF(OR(B19="",C19=""),"",B19-C19)
A20: =IF('Premissas'!$G$4="","",'Premissas'!$G$4) | B20: =IF($A20="","",SUMIFS('Lançamentos'!$J$4:$J$203,'Lançamentos'!$E$4:$E$203,$A20,'Lançamentos'!$B$4:$B$203,">="&$B$3,'Lançamentos'!$B$4:$B$203,"<="&$B$4)) | C20: =IF($A20="","",SUMIFS('Lançamentos'!$K$4:$K$203,'Lançamentos'!$E$4:$E$203,$A20,'Lançamentos'!$B$4:$B$203,">="&$B$3,'Lançamentos'!$B$4:$B$203,"<="&$B$4)) | D20: =IF(OR(B20="",C20=""),"",B20-C20)
A21: =IF('Premissas'!$G$5="","",'Premissas'!$G$5) | B21: =IF($A21="","",SUMIFS('Lançamentos'!$J$4:$J$203,'Lançamentos'!$E$4:$E$203,$A21,'Lançamentos'!$B$4:$B$203,">="&$B$3,'Lançamentos'!$B$4:$B$203,"<="&$B$4)) | C21: =IF($A21="","",SUMIFS('Lançamentos'!$K$4:$K$203,'Lançamentos'!$E$4:$E$203,$A21,'Lançamentos'!$B$4:$B$203,">="&$B$3,'Lançamentos'!$B$4:$B$203,"<="&$B$4)) | D21: =IF(OR(B21="",C21=""),"",B21-C21)
A22: =IF('Premissas'!$G$6="","",'Premissas'!$G$6) | B22: =IF($A22="","",SUMIFS('Lançamentos'!$J$4:$J$203,'Lançamentos'!$E$4:$E$203,$A22,'Lançamentos'!$B$4:$B$203,">="&$B$3,'Lançamentos'!$B$4:$B$203,"<="&$B$4)) | C22: =IF($A22="","",SUMIFS('Lançamentos'!$K$4:$K$203,'Lançamentos'!$E$4:$E$203,$A22,'Lançamentos'!$B$4:$B$203,">="&$B$3,'Lançamentos'!$B$4:$B$203,"<="&$B$4)) | D22: =IF(OR(B22="",C22=""),"",B22-C22)
A23: =IF('Premissas'!$G$7="","",'Premissas'!$G$7) | B23: =IF($A23="","",SUMIFS('Lançamentos'!$J$4:$J$203,'Lançamentos'!$E$4:$E$203,$A23,'Lançamentos'!$B$4:$B$203,">="&$B$3,'Lançamentos'!$B$4:$B$203,"<="&$B$4)) | C23: =IF($A23="","",SUMIFS('Lançamentos'!$K$4:$K$203,'Lançamentos'!$E$4:$E$203,$A23,'Lançamentos'!$B$4:$B$203,">="&$B$3,'Lançamentos'!$B$4:$B$203,"<="&$B$4)) | D23: =IF(OR(B23="",C23=""),"",B23-C23)
A24: =IF('Premissas'!$G$8="","",'Premissas'!$G$8) | B24: =IF($A24="","",SUMIFS('Lançamentos'!$J$4:$J$203,'Lançamentos'!$E$4:$E$203,$A24,'Lançamentos'!$B$4:$B$203,">="&$B$3,'Lançamentos'!$B$4:$B$203,"<="&$B$4)) | C24: =IF($A24="","",SUMIFS('Lançamentos'!$K$4:$K$203,'Lançamentos'!$E$4:$E$203,$A24,'Lançamentos'!$B$4:$B$203,">="&$B$3,'Lançamentos'!$B$4:$B$203,"<="&$B$4)) | D24: =IF(OR(B24="",C24=""),"",B24-C24)
A25: =IF('Premissas'!$G$9="","",'Premissas'!$G$9) | B25: =IF($A25="","",SUMIFS('Lançamentos'!$J$4:$J$203,'Lançamentos'!$E$4:$E$203,$A25,'Lançamentos'!$B$4:$B$203,">="&$B$3,'Lançamentos'!$B$4:$B$203,"<="&$B$4)) | C25: =IF($A25="","",SUMIFS('Lançamentos'!$K$4:$K$203,'Lançamentos'!$E$4:$E$203,$A25,'Lançamentos'!$B$4:$B$203,">="&$B$3,'Lançamentos'!$B$4:$B$203,"<="&$B$4)) | D25: =IF(OR(B25="",C25=""),"",B25-C25)
A28: Observação: o saldo é administrativo e apurado pelos lançamentos; não confirma saldo bancário.
A29: Ordene os lançamentos por Data e Código antes de analisar o saldo acumulado.
A30: Fora do escopo: orçamento, contas a pagar, conciliação bancária, recibos oficiais e obrigações contábeis ou tributárias.

Sheet Premissas
A1: Premissas do controle | D1: Categorias | E1: Natureza esperada | G1: Centros de custo | I1: Naturezas fixas | J1: Meios de movimentação | K1: Situações fixas
A2: Data inicial do controle | B2: 46266 | D2: Contribuições agregadas | E2: Receita | G2: Geral | I2: Receita | J2: Dinheiro | K2: Confirmado
A3: Saldo inicial na data inicial | B3: 2500 | D3: Receita de eventos | E3: Receita | G3: Cultos | I3: Despesa | J3: Pix | K3: Pendente
A4: Mês em análise | B4: 46266 | D4: Reembolso recebido | E4: Receita | G4: Ação social | J4: Cartão | K4: Cancelado
A5: Limite para revisar despesa | B5: 1000 | D5: Outras receitas | E5: Receita | G5: Infraestrutura | J5: Transferência
D6: Culto e liturgia | E6: Despesa | G6: Comunicação | J6: Boleto
D7: Ação social | E7: Despesa | G7: Missões | J7: Outro
D8: Manutenção | E8: Despesa | G8: Administração
D9: Comunicação | E9: Despesa | G9: Eventos
D10: Administração | E10: Despesa
D11: Missões | E11: Despesa

Sheet Lançamentos
A1: DADOS DE EXEMPLO FICTÍCIOS — substitua ou exclua as 10 primeiras linhas.
A2: Ordenação recomendada: Data e Código. O saldo acumulado segue a ordem física das linhas e representa apenas apuração administrativa.
A3: Código | B3: Data | C3: Natureza | D3: Categoria | E3: Centro de custo | F3: Descrição | G3: Meio | H3: Valor (R$) | I3: Situação | J3: Entrada confirmada (R$) | K3: Saída confirmada (R$) | L3: Saldo acumulado (R$) | M3: Natureza da categoria | N3: Integridade | O3: Revisão
A4: LC-EX-001 | B4: 46266 | C4: Receita | D4: Contribuições agregadas | E4: Geral | F4: Exemplo fictício — contribuições reunidas | G4: Dinheiro | H4: 1800 | I4: Confirmado | J4: =IF(COUNTA($A4:$I4)=0,"",IF(AND($N4="OK",$I4="Confirmado",$C4="Receita"),$H4,0)) | K4: =IF(COUNTA($A4:$I4)=0,"",IF(AND($N4="OK",$I4="Confirmado",$C4="Despesa"),$H4,0)) | L4: =IF(COUNTA($A4:$I4)=0,"",'Premissas'!$B$3+SUM($J$4:J4)-SUM($K$4:K4)) | M4: =IF($D4="","",IFERROR(VLOOKUP($D4,'Premissas'!$D$2:$E$21,2,FALSE),"Categoria não cadastrada")) | N4: =IF(COUNTA($A4:$I4)=0,"",IF($A4="","Código ausente",IF(COUNTIF($A$4:$A$203,$A4)>1,"Código duplicado",IF(OR($B4="",NOT(ISNUMBER($B4)),$B4<'Premissas'!$B$2),"Data inválida",IF(OR(COUNTIF('Premissas'!$I$2:$I$3,$C4)=0,$D4="",$M4="Categoria não cadastrada",$C4<>$M4,$E4="",COUNTIF('Premissas'!$G$2:$G$21,$E4)=0,$F4="",$G4="",COUNTIF('Premissas'!$J$2:$J$10,$G4)=0,NOT(ISNUMBER($H4)),$H4<=0,$I4="",COUNTIF('Premissas'!$K$2:$K$4,$I4)=0),"Corrigir dados obrigatórios","OK"))))) | O4: =IF(COUNTA($A4:$I4)=0,"",IF($N4<>"OK","Corrigir cadastro",IF(AND($C4="Despesa",$I4="Confirmado",$H4>'Premissas'!$B$5),"Revisar despesa alta","Sem revisão")))
A5: LC-EX-002 | B5: 46267 | C5: Despesa | D5: Culto e liturgia | E5: Cultos | F5: Exemplo fictício — materiais de culto | G5: Pix | H5: 240 | I5: Confirmado | J5: =IF(COUNTA($A5:$I5)=0,"",IF(AND($N5="OK",$I5="Confirmado",$C5="Receita"),$H5,0)) | K5: =IF(COUNTA($A5:$I5)=0,"",IF(AND($N5="OK",$I5="Confirmado",$C5="Despesa"),$H5,0)) | L5: =IF(COUNTA($A5:$I5)=0,"",'Premissas'!$B$3+SUM($J$4:J5)-SUM($K$4:K5)) | M5: =IF($D5="","",IFERROR(VLOOKUP($D5,'Premissas'!$D$2:$E$21,2,FALSE),"Categoria não cadastrada")) | N5: =IF(COUNTA($A5:$I5)=0,"",IF($A5="","Código ausente",IF(COUNTIF($A$4:$A$203,$A5)>1,"Código duplicado",IF(OR($B5="",NOT(ISNUMBER($B5)),$B5<'Premissas'!$B$2),"Data inválida",IF(OR(COUNTIF('Premissas'!$I$2:$I$3,$C5)=0,$D5="",$M5="Categoria não cadastrada",$C5<>$M5,$E5="",COUNTIF('Premissas'!$G$2:$G$21,$E5)=0,$F5="",$G5="",COUNTIF('Premissas'!$J$2:$J$10,$G5)=0,NOT(ISNUMBER($H5)),$H5<=0,$I5="",COUNTIF('Premissas'!$K$2:$K$4,$I5)=0),"Corrigir dados obrigatórios","OK"))))) | O5: =IF(COUNTA($A5:$I5)=0,"",IF($N5<>"OK","Corrigir cadastro",IF(AND($C5="Despesa",$I5="Confirmado",$H5>'Premissas'!$B$5),"Revisar despesa alta","Sem revisão")))
A6: LC-EX-003 | B6: 46268 | C6: Despesa | D6: Ação social | E6: Ação social | F6: Exemplo fictício — itens de apoio demonstrativos | G6: Transferência | H6: 650 | I6: Confirmado | J6: =IF(COUNTA($A6:$I6)=0,"",IF(AND($N6="OK",$I6="Confirmado",$C6="Receita"),$H6,0)) | K6: =IF(COUNTA($A6:$I6)=0,"",IF(AND($N6="OK",$I6="Confirmado",$C6="Despesa"),$H6,0)) | L6: =IF(COUNTA($A6:$I6)=0,"",'Premissas'!$B$3+SUM($J$4:J6)-SUM($K$4:K6)) | M6: =IF($D6="","",IFERROR(VLOOKUP($D6,'Premissas'!$D$2:$E$21,2,FALSE),"Categoria não cadastrada")) | N6: =IF(COUNTA($A6:$I6)=0,"",IF($A6="","Código ausente",IF(COUNTIF($A$4:$A$203,$A6)>1,"Código duplicado",IF(OR($B6="",NOT(ISNUMBER($B6)),$B6<'Premissas'!$B$2),"Data inválida",IF(OR(COUNTIF('Premissas'!$I$2:$I$3,$C6)=0,$D6="",$M6="Categoria não cadastrada",$C6<>$M6,$E6="",COUNTIF('Premissas'!$G$2:$G$21,$E6)=0,$F6="",$G6="",COUNTIF('Premissas'!$J$2:$J$10,$G6)=0,NOT(ISNUMBER($H6)),$H6<=0,$I6="",COUNTIF('Premissas'!$K$2:$K$4,$I6)=0),"Corrigir dados obrigatórios","OK"))))) | O6: =IF(COUNTA($A6:$I6)=0,"",IF($N6<>"OK","Corrigir cadastro",IF(AND($C6="Despesa",$I6="Confirmado",$H6>'Premissas'!$B$5),"Revisar despesa alta","Sem revisão")))
A7: LC-EX-004 | B7: 46269 | C7: Receita | D7: Receita de eventos | E7: Eventos | F7: Exemplo fictício — atividade comunitária | G7: Cartão | H7: 900 | I7: Confirmado | J7: =IF(COUNTA($A7:$I7)=0,"",IF(AND($N7="OK",$I7="Confirmado",$C7="Receita"),$H7,0)) | K7: =IF(COUNTA($A7:$I7)=0,"",IF(AND($N7="OK",$I7="Confirmado",$C7="Despesa"),$H7,0)) | L7: =IF(COUNTA($A7:$I7)=0,"",'Premissas'!$B$3+SUM($J$4:J7)-SUM($K$4:K7)) | M7: =IF($D7="","",IFERROR(VLOOKUP($D7,'Premissas'!$D$2:$E$21,2,FALSE),"Categoria não cadastrada")) | N7: =IF(COUNTA($A7:$I7)=0,"",IF($A7="","Código ausente",IF(COUNTIF($A$4:$A$203,$A7)>1,"Código duplicado",IF(OR($B7="",NOT(ISNUMBER($B7)),$B7<'Premissas'!$B$2),"Data inválida",IF(OR(COUNTIF('Premissas'!$I$2:$I$3,$C7)=0,$D7="",$M7="Categoria não cadastrada",$C7<>$M7,$E7="",COUNTIF('Premissas'!$G$2:$G$21,$E7)=0,$F7="",$G7="",COUNTIF('Premissas'!$J$2:$J$10,$G7)=0,NOT(ISNUMBER($H7)),$H7<=0,$I7="",COUNTIF('Premissas'!$K$2:$K$4,$I7)=0),"Corrigir dados obrigatórios","OK"))))) | O7: =IF(COUNTA($A7:$I7)=0,"",IF($N7<>"OK","Corrigir cadastro",IF(AND($C7="Despesa",$I7="Confirmado",$H7>'Premissas'!$B$5),"Revisar despesa alta","Sem revisão")))
A8: LC-EX-005 | B8: 46270 | C8: Despesa | D8: Manutenção | E8: Infraestrutura | F8: Exemplo fictício — reparo predial | G8: Boleto | H8: 1200 | I8: Confirmado | J8: =IF(COUNTA($A8:$I8)=0,"",IF(AND($N8="OK",$I8="Confirmado",$C8="Receita"),$H8,0)) | K8: =IF(COUNTA($A8:$I8)=0,"",IF(AND($N8="OK",$I8="Confirmado",$C8="Despesa"),$H8,0)) | L8: =IF(COUNTA($A8:$I8)=0,"",'Premissas'!$B$3+SUM($J$4:J8)-SUM($K$4:K8)) | M8: =IF($D8="","",IFERROR(VLOOKUP($D8,'Premissas'!$D$2:$E$21,2,FALSE),"Categoria não cadastrada")) | N8: =IF(COUNTA($A8:$I8)=0,"",IF($A8="","Código ausente",IF(COUNTIF($A$4:$A$203,$A8)>1,"Código duplicado",IF(OR($B8="",NOT(ISNUMBER($B8)),$B8<'Premissas'!$B$2),"Data inválida",IF(OR(COUNTIF('Premissas'!$I$2:$I$3,$C8)=0,$D8="",$M8="Categoria não cadastrada",$C8<>$M8,$E8="",COUNTIF('Premissas'!$G$2:$G$21,$E8)=0,$F8="",$G8="",COUNTIF('Premissas'!$J$2:$J$10,$G8)=0,NOT(ISNUMBER($H8)),$H8<=0,$I8="",COUNTIF('Premissas'!$K$2:$K$4,$I8)=0),"Corrigir dados obrigatórios","OK"))))) | O8: =IF(COUNTA($A8:$I8)=0,"",IF($N8<>"OK","Corrigir cadastro",IF(AND($C8="Despesa",$I8="Confirmado",$H8>'Premissas'!$B$5),"Revisar despesa alta","Sem revisão")))
A9: LC-EX-006 | B9: 46271 | C9: Despesa | D9: Comunicação | E9: Comunicação | F9: Exemplo fictício — material informativo | G9: Pix | H9: 180 | I9: Pendente | J9: =IF(COUNTA($A9:$I9)=0,"",IF(AND($N9="OK",$I9="Confirmado",$C9="Receita"),$H9,0)) | K9: =IF(COUNTA($A9:$I9)=0,"",IF(AND($N9="OK",$I9="Confirmado",$C9="Despesa"),$H9,0)) | L9: =IF(COUNTA($A9:$I9)=0,"",'Premissas'!$B$3+SUM($J$4:J9)-SUM($K$4:K9)) | M9: =IF($D9="","",IFERROR(VLOOKUP($D9,'Premissas'!$D$2:$E$21,2,FALSE),"Categoria não cadastrada")) | N9: =IF(COUNTA($A9:$I9)=0,"",IF($A9="","Código ausente",IF(COUNTIF($A$4:$A$203,$A9)>1,"Código duplicado",IF(OR($B9="",NOT(ISNUMBER($B9)),$B9<'Premissas'!$B$2),"Data inválida",IF(OR(COUNTIF('Premissas'!$I$2:$I$3,$C9)=0,$D9="",$M9="Categoria não cadastrada",$C9<>$M9,$E9="",COUNTIF('Premissas'!$G$2:$G$21,$E9)=0,$F9="",$G9="",COUNTIF('Premissas'!$J$2:$J$10,$G9)=0,NOT(ISNUMBER($H9)),$H9<=0,$I9="",COUNTIF('Premissas'!$K$2:$K$4,$I9)=0),"Corrigir dados obrigatórios","OK"))))) | O9: =IF(COUNTA($A9:$I9)=0,"",IF($N9<>"OK","Corrigir cadastro",IF(AND($C9="Despesa",$I9="Confirmado",$H9>'Premissas'!$B$5),"Revisar despesa alta","Sem revisão")))
A10: LC-EX-007 | B10: 46272 | C10: Receita | D10: Reembolso recebido | E10: Administração | F10: Exemplo fictício — reembolso administrativo | G10: Transferência | H10: 320 | I10: Confirmado | J10: =IF(COUNTA($A10:$I10)=0,"",IF(AND($N10="OK",$I10="Confirmado",$C10="Receita"),$H10,0)) | K10: =IF(COUNTA($A10:$I10)=0,"",IF(AND($N10="OK",$I10="Confirmado",$C10="Despesa"),$H10,0)) | L10: =IF(COUNTA($A10:$I10)=0,"",'Premissas'!$B$3+SUM($J$4:J10)-SUM($K$4:K10)) | M10: =IF($D10="","",IFERROR(VLOOKUP($D10,'Premissas'!$D$2:$E$21,2,FALSE),"Categoria não cadastrada")) | N10: =IF(COUNTA($A10:$I10)=0,"",IF($A10="","Código ausente",IF(COUNTIF($A$4:$A$203,$A10)>1,"Código duplicado",IF(OR($B10="",NOT(ISNUMBER($B10)),$B10<'Premissas'!$B$2),"Data inválida",IF(OR(COUNTIF('Premissas'!$I$2:$I$3,$C10)=0,$D10="",$M10="Categoria não cadastrada",$C10<>$M10,$E10="",COUNTIF('Premissas'!$G$2:$G$21,$E10)=0,$F10="",$G10="",COUNTIF('Premissas'!$J$2:$J$10,$G10)=0,NOT(ISNUMBER($H10)),$H10<=0,$I10="",COUNTIF('Premissas'!$K$2:$K$4,$I10)=0),"Corrigir dados obrigatórios","OK"))))) | O10: =IF(COUNTA($A10:$I10)=0,"",IF($N10<>"OK","Corrigir cadastro",IF(AND($C10="Despesa",$I10="Confirmado",$H10>'Premissas'!$B$5),"Revisar despesa alta","Sem revisão")))
A11: LC-EX-008 | B11: 46273 | C11: Despesa | D11: Administração | E11: Administração | F11: Exemplo fictício — materiais de escritório | G11: Dinheiro | H11: 95 | I11: Confirmado | J11: =IF(COUNTA($A11:$I11)=0,"",IF(AND($N11="OK",$I11="Confirmado",$C11="Receita"),$H11,0)) | K11: =IF(COUNTA($A11:$I11)=0,"",IF(AND($N11="OK",$I11="Confirmado",$C11="Despesa"),$H11,0)) | L11: =IF(COUNTA($A11:$I11)=0,"",'Premissas'!$B$3+SUM($J$4:J11)-SUM($K$4:K11)) | M11: =IF($D11="","",IFERROR(VLOOKUP($D11,'Premissas'!$D$2:$E$21,2,FALSE),"Categoria não cadastrada")) | N11: =IF(COUNTA($A11:$I11)=0,"",IF($A11="","Código ausente",IF(COUNTIF($A$4:$A$203,$A11)>1,"Código duplicado",IF(OR($B11="",NOT(ISNUMBER($B11)),$B11<'Premissas'!$B$2),"Data inválida",IF(OR(COUNTIF('Premissas'!$I$2:$I$3,$C11)=0,$D11="",$M11="Categoria não cadastrada",$C11<>$M11,$E11="",COUNTIF('Premissas'!$G$2:$G$21,$E11)=0,$F11="",$G11="",COUNTIF('Premissas'!$J$2:$J$10,$G11)=0,NOT(ISNUMBER($H11)),$H11<=0,$I11="",COUNTIF('Premissas'!$K$2:$K$4,$I11)=0),"Corrigir dados obrigatórios","OK"))))) | O11: =IF(COUNTA($A11:$I11)=0,"",IF($N11<>"OK","Corrigir cadastro",IF(AND($C11="Despesa",$I11="Confirmado",$H11>'Premissas'!$B$5),"Revisar despesa alta","Sem revisão")))
A12: LC-EX-009 | B12: 46274 | C12: Despesa | D12: Missões | E12: Missões | F12: Exemplo fictício — apoio cancelado | G12: Transferência | H12: 400 | I12: Cancelado | J12: =IF(COUNTA($A12:$I12)=0,"",IF(AND($N12="OK",$I12="Confirmado",$C12="Receita"),$H12,0)) | K12: =IF(COUNTA($A12:$I12)=0,"",IF(AND($N12="OK",$I12="Confirmado",$C12="Despesa"),$H12,0)) | L12: =IF(COUNTA($A12:$I12)=0,"",'Premissas'!$B$3+SUM($J$4:J12)-SUM($K$4:K12)) | M12: =IF($D12="","",IFERROR(VLOOKUP($D12,'Premissas'!$D$2:$E$21,2,FALSE),"Categoria não cadastrada")) | N12: =IF(COUNTA($A12:$I12)=0,"",IF($A12="","Código ausente",IF(COUNTIF($A$4:$A$203,$A12)>1,"Código duplicado",IF(OR($B12="",NOT(ISNUMBER($B12)),$B12<'Premissas'!$B$2),"Data inválida",IF(OR(COUNTIF('Premissas'!$I$2:$I$3,$C12)=0,$D12="",$M12="Categoria não cadastrada",$C12<>$M12,$E12="",COUNTIF('Premissas'!$G$2:$G$21,$E12)=0,$F12="",$G12="",COUNTIF('Premissas'!$J$2:$J$10,$G12)=0,NOT(ISNUMBER($H12)),$H12<=0,$I12="",COUNTIF('Premissas'!$K$2:$K$4,$I12)=0),"Corrigir dados obrigatórios","OK"))))) | O12: =IF(COUNTA($A12:$I12)=0,"",IF($N12<>"OK","Corrigir cadastro",IF(AND($C12="Despesa",$I12="Confirmado",$H12>'Premissas'!$B$5),"Revisar despesa alta","Sem revisão")))
A13: LC-EX-010 | B13: 46275 | C13: Receita | D13: Outras receitas | E13: Geral | F13: Exemplo fictício — receita eventual | G13: Pix | H13: 150 | I13: Pendente | J13: =IF(COUNTA($A13:$I13)=0,"",IF(AND($N13="OK",$I13="Confirmado",$C13="Receita"),$H13,0)) | K13: =IF(COUNTA($A13:$I13)=0,"",IF(AND($N13="OK",$I13="Confirmado",$C13="Despesa"),$H13,0)) | L13: =IF(COUNTA($A13:$I13)=0,"",'Premissas'!$B$3+SUM($J$4:J13)-SUM($K$4:K13)) | M13: =IF($D13="","",IFERROR(VLOOKUP($D13,'Premissas'!$D$2:$E$21,2,FALSE),"Categoria não cadastrada")) | N13: =IF(COUNTA($A13:$I13)=0,"",IF($A13="","Código ausente",IF(COUNTIF($A$4:$A$203,$A13)>1,"Código duplicado",IF(OR($B13="",NOT(ISNUMBER($B13)),$B13<'Premissas'!$B$2),"Data inválida",IF(OR(COUNTIF('Premissas'!$I$2:$I$3,$C13)=0,$D13="",$M13="Categoria não cadastrada",$C13<>$M13,$E13="",COUNTIF('Premissas'!$G$2:$G$21,$E13)=0,$F13="",$G13="",COUNTIF('Premissas'!$J$2:$J$10,$G13)=0,NOT(ISNUMBER($H13)),$H13<=0,$I13="",COUNTIF('Premissas'!$K$2:$K$4,$I13)=0),"Corrigir dados obrigatórios","OK"))))) | O13: =IF(COUNTA($A13:$I13)=0,"",IF($N13<>"OK","Corrigir cadastro",IF(AND($C13="Despesa",$I13="Confirmado",$H13>'Premissas'!$B$5),"Revisar despesa alta","Sem revisão")))
J14: =IF(COUNTA($A14:$I14)=0,"",IF(AND($N14="OK",$I14="Confirmado",$C14="Receita"),$H14,0)) | K14: =IF(COUNTA($A14:$I14)=0,"",IF(AND($N14="OK",$I14="Confirmado",$C14="Despesa"),$H14,0)) | L14: =IF(COUNTA($A14:$I14)=0,"",'Premissas'!$B$3+SUM($J$4:J14)-SUM($K$4:K14)) | M14: =IF($D14="","",IFERROR(VLOOKUP($D14,'Premissas'!$D$2:$E$21,2,FALSE),"Categoria não cadastrada")) | N14: =IF(COUNTA($A14:$I14)=0,"",IF($A14="","Código ausente",IF(COUNTIF($A$4:$A$203,$A14)>1,"Código duplicado",IF(OR($B14="",NOT(ISNUMBER($B14)),$B14<'Premissas'!$B$2),"Data inválida",IF(OR(COUNTIF('Premissas'!$I$2:$I$3,$C14)=0,$D14="",$M14="Categoria não cadastrada",$C14<>$M14,$E14="",COUNTIF('Premissas'!$G$2:$G$21,$E14)=0,$F14="",$G14="",COUNTIF('Premissas'!$J$2:$J$10,$G14)=0,NOT(ISNUMBER($H14)),$H14<=0,$I14="",COUNTIF('Premissas'!$K$2:$K$4,$I14)=0),"Corrigir dados obrigatórios","OK"))))) | O14: =IF(COUNTA($A14:$I14)=0,"",IF($N14<>"OK","Corrigir cadastro",IF(AND($C14="Despesa",$I14="Confirmado",$H14>'Premissas'!$B$5),"Revisar despesa alta","Sem revisão")))
J15: =IF(COUNTA($A15:$I15)=0,"",IF(AND($N15="OK",$I15="Confirmado",$C15="Receita"),$H15,0)) | K15: =IF(COUNTA($A15:$I15)=0,"",IF(AND($N15="OK",$I15="Confirmado",$C15="Despesa"),$H15,0)) | L15: =IF(COUNTA($A15:$I15)=0,"",'Premissas'!$B$3+SUM($J$4:J15)-SUM($K$4:K15)) | M15: =IF($D15="","",IFERROR(VLOOKUP($D15,'Premissas'!$D$2:$E$21,2,FALSE),"Categoria não cadastrada")) | N15: =IF(COUNTA($A15:$I15)=0,"",IF($A15="","Código ausente",IF(COUNTIF($A$4:$A$203,$A15)>1,"Código duplicado",IF(OR($B15="",NOT(ISNUMBER($B15)),$B15<'Premissas'!$B$2),"Data inválida",IF(OR(COUNTIF('Premissas'!$I$2:$I$3,$C15)=0,$D15="",$M15="Categoria não cadastrada",$C15<>$M15,$E15="",COUNTIF('Premissas'!$G$2:$G$21,$E15)=0,$F15="",$G15="",COUNTIF('Premissas'!$J$2:$J$10,$G15)=0,NOT(ISNUMBER($H15)),$H15<=0,$I15="",COUNTIF('Premissas'!$K$2:$K$4,$I15)=0),"Corrigir dados obrigatórios","OK"))))) | O15: =IF(COUNTA($A15:$I15)=0,"",IF($N15<>"OK","Corrigir cadastro",IF(AND($C15="Despesa",$I15="Confirmado",$H15>'Premissas'!$B$5),"Revisar despesa alta","Sem revisão")))
J16: =IF(COUNTA($A16:$I16)=0,"",IF(AND($N16="OK",$I16="Confirmado",$C16="Receita"),$H16,0)) | K16: =IF(COUNTA($A16:$I16)=0,"",IF(AND($N16="OK",$I16="Confirmado",$C16="Despesa"),$H16,0)) | L16: =IF(COUNTA($A16:$I16)=0,"",'Premissas'!$B$3+SUM($J$4:J16)-SUM($K$4:K16)) | M16: =IF($D16="","",IFERROR(VLOOKUP($D16,'Premissas'!$D$2:$E$21,2,FALSE),"Categoria não cadastrada")) | N16: =IF(COUNTA($A16:$I16)=0,"",IF($A16="","Código ausente",IF(COUNTIF($A$4:$A$203,$A16)>1,"Código duplicado",IF(OR($B16="",NOT(ISNUMBER($B16)),$B16<'Premissas'!$B$2),"Data inválida",IF(OR(COUNTIF('Premissas'!$I$2:$I$3,$C16)=0,$D16="",$M16="Categoria não cadastrada",$C16<>$M16,$E16="",COUNTIF('Premissas'!$G$2:$G$21,$E16)=0,$F16="",$G16="",COUNTIF('Premissas'!$J$2:$J$10,$G16)=0,NOT(ISNUMBER($H16)),$H16<=0,$I16="",COUNTIF('Premissas'!$K$2:$K$4,$I16)=0),"Corrigir dados obrigatórios","OK"))))) | O16: =IF(COUNTA($A16:$I16)=0,"",IF($N16<>"OK","Corrigir cadastro",IF(AND($C16="Despesa",$I16="Confirmado",$H16>'Premissas'!$B$5),"Revisar despesa alta","Sem revisão")))
J17: =IF(COUNTA($A17:$I17)=0,"",IF(AND($N17="OK",$I17="Confirmado",$C17="Receita"),$H17,0)) | K17: =IF(COUNTA($A17:$I17)=0,"",IF(AND($N17="OK",$I17="Confirmado",$C17="Despesa"),$H17,0)) | L17: =IF(COUNTA($A17:$I17)=0,"",'Premissas'!$B$3+SUM($J$4:J17)-SUM($K$4:K17)) | M17: =IF($D17="","",IFERROR(VLOOKUP($D17,'Premissas'!$D$2:$E$21,2,FALSE),"Categoria não cadastrada")) | N17: =IF(COUNTA($A17:$I17)=0,"",IF($A17="","Código ausente",IF(COUNTIF($A$4:$A$203,$A17)>1,"Código duplicado",IF(OR($B17="",NOT(ISNUMBER($B17)),$B17<'Premissas'!$B$2),"Data inválida",IF(OR(COUNTIF('Premissas'!$I$2:$I$3,$C17)=0,$D17="",$M17="Categoria não cadastrada",$C17<>$M17,$E17="",COUNTIF('Premissas'!$G$2:$G$21,$E17)=0,$F17="",$G17="",COUNTIF('Premissas'!$J$2:$J$10,$G17)=0,NOT(ISNUMBER($H17)),$H17<=0,$I17="",COUNTIF('Premissas'!$K$2:$K$4,$I17)=0),"Corrigir dados obrigatórios","OK"))))) | O17: =IF(COUNTA($A17:$I17)=0,"",IF($N17<>"OK","Corrigir cadastro",IF(AND($C17="Despesa",$I17="Confirmado",$H17>'Premissas'!$B$5),"Revisar despesa alta","Sem revisão")))
J18: =IF(COUNTA($A18:$I18)=0,"",IF(AND($N18="OK",$I18="Confirmado",$C18="Receita"),$H18,0)) | K18: =IF(COUNTA($A18:$I18)=0,"",IF(AND($N18="OK",$I18="Confirmado",$C18="Despesa"),$H18,0)) | L18: =IF(COUNTA($A18:$I18)=0,"",'Premissas'!$B$3+SUM($J$4:J18)-SUM($K$4:K18)) | M18: =IF($D18="","",IFERROR(VLOOKUP($D18,'Premissas'!$D$2:$E$21,2,FALSE),"Categoria não cadastrada")) | N18: =IF(COUNTA($A18:$I18)=0,"",IF($A18="","Código ausente",IF(COUNTIF($A$4:$A$203,$A18)>1,"Código duplicado",IF(OR($B18="",NOT(ISNUMBER($B18)),$B18<'Premissas'!$B$2),"Data inválida",IF(OR(COUNTIF('Premissas'!$I$2:$I$3,$C18)=0,$D18="",$M18="Categoria não cadastrada",$C18<>$M18,$E18="",COUNTIF('Premissas'!$G$2:$G$21,$E18)=0,$F18="",$G18="",COUNTIF('Premissas'!$J$2:$J$10,$G18)=0,NOT(ISNUMBER($H18)),$H18<=0,$I18="",COUNTIF('Premissas'!$K$2:$K$4,$I18)=0),"Corrigir dados obrigatórios","OK"))))) | O18: =IF(COUNTA($A18:$I18)=0,"",IF($N18<>"OK","Corrigir cadastro",IF(AND($C18="Despesa",$I18="Confirmado",$H18>'Premissas'!$B$5),"Revisar despesa alta","Sem revisão")))
J19: =IF(COUNTA($A19:$I19)=0,"",IF(AND($N19="OK",$I19="Confirmado",$C19="Receita"),$H19,0)) | K19: =IF(COUNTA($A19:$I19)=0,"",IF(AND($N19="OK",$I19="Confirmado",$C19="Despesa"),$H19,0)) | L19: =IF(COUNTA($A19:$I19)=0,"",'Premissas'!$B$3+SUM($J$4:J19)-SUM($K$4:K19)) | M19: =IF($D19="","",IFERROR(VLOOKUP($D19,'Premissas'!$D$2:$E$21,2,FALSE),"Categoria não cadastrada")) | N19: =IF(COUNTA($A19:$I19)=0,"",IF($A19="","Código ausente",IF(COUNTIF($A$4:$A$203,$A19)>1,"Código duplicado",IF(OR($B19="",NOT(ISNUMBER($B19)),$B19<'Premissas'!$B$2),"Data inválida",IF(OR(COUNTIF('Premissas'!$I$2:$I$3,$C19)=0,$D19="",$M19="Categoria não cadastrada",$C19<>$M19,$E19="",COUNTIF('Premissas'!$G$2:$G$21,$E19)=0,$F19="",$G19="",COUNTIF('Premissas'!$J$2:$J$10,$G19)=0,NOT(ISNUMBER($H19)),$H19<=0,$I19="",COUNTIF('Premissas'!$K$2:$K$4,$I19)=0),"Corrigir dados obrigatórios","OK"))))) | O19: =IF(COUNTA($A19:$I19)=0,"",IF($N19<>"OK","Corrigir cadastro",IF(AND($C19="Despesa",$I19="Confirmado",$H19>'Premissas'!$B$5),"Revisar despesa alta","Sem revisão")))
J20: =IF(COUNTA($A20:$I20)=0,"",IF(AND($N20="OK",$I20="Confirmado",$C20="Receita"),$H20,0)) | K20: =IF(COUNTA($A20:$I20)=0,"",IF(AND($N20="OK",$I20="Confirmado",$C20="Despesa"),$H20,0)) | L20: =IF(COUNTA($A20:$I20)=0,"",'Premissas'!$B$3+SUM($J$4:J20)-SUM($K$4:K20)) | M20: =IF($D20="","",IFERROR(VLOOKUP($D20,'Premissas'!$D$2:$E$21,2,FALSE),"Categoria não cadastrada")) | N20: =IF(COUNTA($A20:$I20)=0,"",IF($A20="","Código ausente",IF(COUNTIF($A$4:$A$203,$A20)>1,"Código duplicado",IF(OR($B20="",NOT(ISNUMBER($B20)),$B20<'Premissas'!$B$2),"Data inválida",IF(OR(COUNTIF('Premissas'!$I$2:$I$3,$C20)=0,$D20="",$M20="Categoria não cadastrada",$C20<>$M20,$E20="",COUNTIF('Premissas'!$G$2:$G$21,$E20)=0,$F20="",$G20="",COUNTIF('Premissas'!$J$2:$J$10,$G20)=0,NOT(ISNUMBER($H20)),$H20<=0,$I20="",COUNTIF('Premissas'!$K$2:$K$4,$I20)=0),"Corrigir dados obrigatórios","OK"))))) | O20: =IF(COUNTA($A20:$I20)=0,"",IF($N20<>"OK","Corrigir cadastro",IF(AND($C20="Despesa",$I20="Confirmado",$H20>'Premissas'!$B$5),"Revisar despesa alta","Sem revisão")))
J21: =IF(COUNTA($A21:$I21)=0,"",IF(AND($N21="OK",$I21="Confirmado",$C21="Receita"),$H21,0)) | K21: =IF(COUNTA($A21:$I21)=0,"",IF(AND($N21="OK",$I21="Confirmado",$C21="Despesa"),$H21,0)) | L21: =IF(COUNTA($A21:$I21)=0,"",'Premissas'!$B$3+SUM($J$4:J21)-SUM($K$4:K21)) | M21: =IF($D21="","",IFERROR(VLOOKUP($D21,'Premissas'!$D$2:$E$21,2,FALSE),"Categoria não cadastrada")) | N21: =IF(COUNTA($A21:$I21)=0,"",IF($A21="","Código ausente",IF(COUNTIF($A$4:$A$203,$A21)>1,"Código duplicado",IF(OR($B21="",NOT(ISNUMBER($B21)),$B21<'Premissas'!$B$2),"Data inválida",IF(OR(COUNTIF('Premissas'!$I$2:$I$3,$C21)=0,$D21="",$M21="Categoria não cadastrada",$C21<>$M21,$E21="",COUNTIF('Premissas'!$G$2:$G$21,$E21)=0,$F21="",$G21="",COUNTIF('Premissas'!$J$2:$J$10,$G21)=0,NOT(ISNUMBER($H21)),$H21<=0,$I21="",COUNTIF('Premissas'!$K$2:$K$4,$I21)=0),"Corrigir dados obrigatórios","OK"))))) | O21: =IF(COUNTA($A21:$I21)=0,"",IF($N21<>"OK","Corrigir cadastro",IF(AND($C21="Despesa",$I21="Confirmado",$H21>'Premissas'!$B$5),"Revisar despesa alta","Sem revisão")))
J22: =IF(COUNTA($A22:$I22)=0,"",IF(AND($N22="OK",$I22="Confirmado",$C22="Receita"),$H22,0)) | K22: =IF(COUNTA($A22:$I22)=0,"",IF(AND($N22="OK",$I22="Confirmado",$C22="Despesa"),$H22,0)) | L22: =IF(COUNTA($A22:$I22)=0,"",'Premissas'!$B$3+SUM($J$4:J22)-SUM($K$4:K22)) | M22: =IF($D22="","",IFERROR(VLOOKUP($D22,'Premissas'!$D$2:$E$21,2,FALSE),"Categoria não cadastrada")) | N22: =IF(COUNTA($A22:$I22)=0,"",IF($A22="","Código ausente",IF(COUNTIF($A$4:$A$203,$A22)>1,"Código duplicado",IF(OR($B22="",NOT(ISNUMBER($B22)),$B22<'Premissas'!$B$2),"Data inválida",IF(OR(COUNTIF('Premissas'!$I$2:$I$3,$C22)=0,$D22="",$M22="Categoria não cadastrada",$C22<>$M22,$E22="",COUNTIF('Premissas'!$G$2:$G$21,$E22)=0,$F22="",$G22="",COUNTIF('Premissas'!$J$2:$J$10,$G22)=0,NOT(ISNUMBER($H22)),$H22<=0,$I22="",COUNTIF('Premissas'!$K$2:$K$4,$I22)=0),"Corrigir dados obrigatórios","OK"))))) | O22: =IF(COUNTA($A22:$I22)=0,"",IF($N22<>"OK","Corrigir cadastro",IF(AND($C22="Despesa",$I22="Confirmado",$H22>'Premissas'!$B$5),"Revisar despesa alta","Sem revisão")))
J23: =IF(COUNTA($A23:$I23)=0,"",IF(AND($N23="OK",$I23="Confirmado",$C23="Receita"),$H23,0)) | K23: =IF(COUNTA($A23:$I23)=0,"",IF(AND($N23="OK",$I23="Confirmado",$C23="Despesa"),$H23,0)) | L23: =IF(COUNTA($A23:$I23)=0,"",'Premissas'!$B$3+SUM($J$4:J23)-SUM($K$4:K23)) | M23: =IF($D23="","",IFERROR(VLOOKUP($D23,'Premissas'!$D$2:$E$21,2,FALSE),"Categoria não cadastrada")) | N23: =IF(COUNTA($A23:$I23)=0,"",IF($A23="","Código ausente",IF(COUNTIF($A$4:$A$203,$A23)>1,"Código duplicado",IF(OR($B23="",NOT(ISNUMBER($B23)),$B23<'Premissas'!$B$2),"Data inválida",IF(OR(COUNTIF('Premissas'!$I$2:$I$3,$C23)=0,$D23="",$M23="Categoria não cadastrada",$C23<>$M23,$E23="",COUNTIF('Premissas'!$G$2:$G$21,$E23)=0,$F23="",$G23="",COUNTIF('Premissas'!$J$2:$J$10,$G23)=0,NOT(ISNUMBER($H23)),$H23<=0,$I23="",COUNTIF('Premissas'!$K$2:$K$4,$I23)=0),"Corrigir dados obrigatórios","OK"))))) | O23: =IF(COUNTA($A23:$I23)=0,"",IF($N23<>"OK","Corrigir cadastro",IF(AND($C23="Despesa",$I23="Confirmado",$H23>'Premissas'!$B$5),"Revisar despesa alta","Sem revisão")))
J24: =IF(COUNTA($A24:$I24)=0,"",IF(AND($N24="OK",$I24="Confirmado",$C24="Receita"),$H24,0)) | K24: =IF(COUNTA($A24:$I24)=0,"",IF(AND($N24="OK",$I24="Confirmado",$C24="Despesa"),$H24,0)) | L24: =IF(COUNTA($A24:$I24)=0,"",'Premissas'!$B$3+SUM($J$4:J24)-SUM($K$4:K24)) | M24: =IF($D24="","",IFERROR(VLOOKUP($D24,'Premissas'!$D$2:$E$21,2,FALSE),"Categoria não cadastrada")) | N24: =IF(COUNTA($A24:$I24)=0,"",IF($A24="","Código ausente",IF(COUNTIF($A$4:$A$203,$A24)>1,"Código duplicado",IF(OR($B24="",NOT(ISNUMBER($B24)),$B24<'Premissas'!$B$2),"Data inválida",IF(OR(COUNTIF('Premissas'!$I$2:$I$3,$C24)=0,$D24="",$M24="Categoria não cadastrada",$C24<>$M24,$E24="",COUNTIF('Premissas'!$G$2:$G$21,$E24)=0,$F24="",$G24="",COUNTIF('Premissas'!$J$2:$J$10,$G24)=0,NOT(ISNUMBER($H24)),$H24<=0,$I24="",COUNTIF('Premissas'!$K$2:$K$4,$I24)=0),"Corrigir dados obrigatórios","OK"))))) | O24: =IF(COUNTA($A24:$I24)=0,"",IF($N24<>"OK","Corrigir cadastro",IF(AND($C24="Despesa",$I24="Confirmado",$H24>'Premissas'!$B$5),"Revisar despesa alta","Sem revisão")))
J25: =IF(COUNTA($A25:$I25)=0,"",IF(AND($N25="OK",$I25="Confirmado",$C25="Receita"),$H25,0)) | K25: =IF(COUNTA($A25:$I25)=0,"",IF(AND($N25="OK",$I25="Confirmado",$C25="Despesa"),$H25,0)) | L25: =IF(COUNTA($A25:$I25)=0,"",'Premissas'!$B$3+SUM($J$4:J25)-SUM($K$4:K25)) | M25: =IF($D25="","",IFERROR(VLOOKUP($D25,'Premissas'!$D$2:$E$21,2,FALSE),"Categoria não cadastrada")) | N25: =IF(COUNTA($A25:$I25)=0,"",IF($A25="","Código ausente",IF(COUNTIF($A$4:$A$203,$A25)>1,"Código duplicado",IF(OR($B25="",NOT(ISNUMBER($B25)),$B25<'Premissas'!$B$2),"Data inválida",IF(OR(COUNTIF('Premissas'!$I$2:$I$3,$C25)=0,$D25="",$M25="Categoria não cadastrada",$C25<>$M25,$E25="",COUNTIF('Premissas'!$G$2:$G$21,$E25)=0,$F25="",$G25="",COUNTIF('Premissas'!$J$2:$J$10,$G25)=0,NOT(ISNUMBER($H25)),$H25<=0,$I25="",COUNTIF('Premissas'!$K$2:$K$4,$I25)=0),"Corrigir dados obrigatórios","OK"))))) | O25: =IF(COUNTA($A25:$I25)=0,"",IF($N25<>"OK","Corrigir cadastro",IF(AND($C25="Despesa",$I25="Confirmado",$H25>'Premissas'!$B$5),"Revisar despesa alta","Sem revisão")))
... J203: =IF(COUNTA($A203:$I203)=0,"",IF(AND($N203="OK",$I203="Confirmado",$C203="Receita"),$H203,0)) | K203: =IF(COUNTA($A203:$I203)=0,"",IF(AND($N203="OK",$I203="Confirmado",$C203="Despesa"),$H203,0)) | L203: =IF(COUNTA($A203:$I203)=0,"",'Premissas'!$B$3+SUM($J$4:J203)-SUM($K$4:K203)) | M203: =IF($D203="","",IFERROR(VLOOKUP($D203,'Premissas'!$D$2:$E$21,2,FALSE),"Categoria não cadastrada")) | N203: =IF(COUNTA($A203:$I203)=0,"",IF($A203="","Código ausente",IF(COUNTIF($A$4:$A$203,$A203)>1,"Código duplicado",IF(OR($B203="",NOT(ISNUMBER($B203)),$B203<'Premissas'!$B$2),"Data inválida",IF(OR(COUNTIF('Premissas'!$I$2:$I$3,$C203)=0,$D203="",$M203="Categoria não cadastrada",$C203<>$M203,$E203="",COUNTIF('Premissas'!$G$2:$G$21,$E203)=0,$F203="",$G203="",COUNTIF('Premissas'!$J$2:$J$10,$G203)=0,NOT(ISNUMBER($H203)),$H203<=0,$I203="",COUNTIF('Premissas'!$K$2:$K$4,$I203)=0),"Corrigir dados obrigatórios","OK"))))) | O203: =IF(COUNTA($A203:$I203)=0,"",IF($N203<>"OK","Corrigir cadastro",IF(AND($C203="Despesa",$I203="Confirmado",$H203>'Premissas'!$B$5),"Revisar despesa alta","Sem revisão")))
